 Dungeon Crawl Stone Soup version 0.28-a0-1555-g9ae15a6949 (webtiles) character file.

Game seed: 5892381099692636432

73 voltaire321 the Magician (level 4, 0/25 HPs)
             Began as a Deep Elf Earth Elementalist on Jan 19, 2022.
             Succumbed to Sigmund's poison
             ... on level 3 of the Dungeon.
             The game lasted 00:05:48 (3076 turns).

voltaire321 the Magician (DEEE)                     Turns: 3076, Time: 00:05:48

Health: 0/25       AC:  3    Str:  5    XL:     4   Next: 8%
Magic:  1/11       EV: 13    Int: 22    God:
Gold:   58         SH:  0    Dex: 15    Spells: 4/10 levels left

rFire   . . .      SeeInvis .   d - +0 whip
rCold   . . .      Faith    .   (no shield)
rNeg    . . .      Spirit   .   b - +0 robe
rPois   .          Reflect  .   (no helmet)
rElec   .          Harm     .   (no cloak)
rCorr   .          Rampage  .   (no gloves)
Will    .....                   k - +0 pair of boots
Stlth   ++........              (no amulet)
HPRegen 0.08/turn               (no ring)
MPRegen 0.12/turn               (no ring)

@: lethally poisoned (0 -> -2)
A: no striking features
a: no special abilities


You were on level 3 of the Dungeon.
You visited 1 branch of the dungeon, and saw 3 of its levels.

You collected 108 gold pieces.
You spent 50 gold pieces at shops.

Inventory:

Hand Weapons
 d - a +0 whip (weapon)
Missiles
 c - 61 stones
Armour
 b - a +0 robe (worn)
 k - a +0 pair of boots (worn)
Jewellery
 p - the ring "Eliobi Mideph" {rC- rN+ rCorr Int+2}
   (You found it on level 3 of the Dungeon)

   [ring of positive energy]

   Int:       It affects your intelligence (+2).
   rC:        It makes you vulnerable to cold.
   rN:        It protects you from negative energy.
   rCorr:     It protects you from acid and corrosion.
 q - a ring of flight
Scrolls
 e - a scroll of torment {unknown}
 g - a scroll of blinking {unknown}
 h - a scroll of fear {unknown}
 i - a scroll of immolation {unknown}
 j - a scroll of enchant armour {unknown}
 l - a scroll of enchant weapon {unknown}
 n - a scroll of identify
Potions
 a - a potion of haste {unknown}
 f - a potion of berserk rage {unknown}
 m - a potion of curing
 o - a potion of heal wounds {unknown}


   Skills:
 + Level 1.1 Fighting
 + Level 3.2 Dodging
 - Level 2.4 Stealth
 + Level 3.8 Spellcasting
 + Level 1.5 Conjurations
 - Level 1.1 Transmutations
 + Level 3.8 Earth Magic


You had 4 spell levels left.
You knew the following spells:

 Your Spells              Type           Power      Damage    Failure   Level
a - Sandblast             Erth           40%        2d10      2%          1
b - Passwall              Tmut/Erth      12%        N/A       6%          2
c - Stone Arrow           Conj/Erth      32%        3d9       12%         3

Your spell library contained the following spells:

 Spells                   Type           Power      Damage    Failure   Level
 Conjure Flame            Conj/Fire      7%         6-21      24%         3
 Ignite Poison            Fire/Tmut/Pois 5%         N/A       30%         3
 Petrify                  Tmut/Erth      15%        N/A       38%         4
 Sticky Flame             Conj/Fire      7%         2d3       63%         4


Dungeon Overview and Level Annotations

Branches:
Dungeon (3/15)

Altars:

Shops:
D:2 *

Annotations:
D:3 Sigmund


Message History

Sigmund says, "Your kind have come here before.
I understand now why.
You desire death..."
Sigmund closely misses you.
Casting: Sandblast (safe; 2% risk of failure)
Confirm with . or Enter, or press ? or * to list all spells.
Aiming: Sandblast (safe; 2% risk of failure)
Press: ? - help, Shift-Dir - straight line, f/p - Sigmund
Aim: Sigmund, wielding a +2 scythe of venom and wearing a +2 robe of cold resistance (severely wounded, 78% to hit)
The blast of sand hits Sigmund.
Sigmund is severely wounded.
Sigmund hits you but does no damage.
You closely miss Sigmund.
Sigmund is severely wounded.
Sigmund gestures at you while chanting. The magic dart hits you.
You barely miss Sigmund.
Sigmund is severely wounded.
Sigmund hits you with a +2 scythe of venom.
* * * LOW HITPOINT WARNING * * *
You are lethally poisoned!
You barely miss Sigmund.
Sigmund is severely wounded.
* * * LOW HITPOINT WARNING * * *
You feel sick. Sigmund closely misses you.
You closely miss Sigmund.
Sigmund is severely wounded.
* * * LOW HITPOINT WARNING * * *
You feel sick. Sigmund barely misses you.
You hit Sigmund but do no damage.
Sigmund is severely wounded.
* * * LOW HITPOINT WARNING * * *
You feel sick.
You hit Sigmund but do no damage.
Sigmund is severely wounded.
* * * LOW HITPOINT WARNING * * *
You feel sick. Sigmund gestures at you while chanting.
You resist with some effort.
You hit Sigmund but do no damage.
Sigmund is severely wounded.
You die...

#.....#............†.#
#....>+........)).....
#.....######.#......##
.....# ####.#########
...# #.............
#.###.##..........
#.................
#.###.############ #@#
#.# #@# #.# #.# #.#
#.# #.# #.# #.# #+#
#.# #.#


You could see Sigmund.

Vanquished Creatures
  2 adders (D:3)
  3 worms (D:2)
  2 dart slugs (D:1)
  6 ball pythons
  3 endoplasms
  3 giant cockroaches
  4 goblins
  3 hobgoblins
  4 kobolds
  2 quokkas
  2 bats
  2 frilled lizards
  4 rats
40 creatures vanquished.

Notes
Turn   | Place    | Note
-------+----------+-------------------------------------------
     0 | D:1      | voltaire321 the Deep Elf Earth Elementalist began the quest
                  | for the Orb.
     0 | D:1      | Reached XP level 1. HP: 10/10 MP: 6/6
   393 | D:1      | Reached XP level 2. HP: 10/16 MP: 8/8
  1244 | D:1      | Reached skill level 1 in Conjurations
  1698 | D:2      | Found Wahow Wus's General Store.
  1713 | D:2      | Learned a level 2 spell: Passwall
  1713 | D:2      | Bought a potion of curing for 30 gold pieces
  1713 | D:2      | Bought a scroll of identify for 20 gold pieces
  1756 | D:2      | Reached XP level 3. HP: 17/20 MP: 7/10
  2526 | D:3      | Identified the ring "Eliobi Mideph" {rC- rN+ rCorr Int+2}
  2726 | D:3      | Learned a level 3 spell: Stone Arrow
  2931 | D:3      | Reached skill level 1 in Fighting
  2938 | D:3      | Reached XP level 4. HP: 16/25 MP: 4/11
  3058 | D:3      | Noticed Sigmund
  3075 | D:3      | HP: 1/25 [poisoned by Sigmund]
  3076 | D:3      | Succumbed to Sigmund's poison

Illustrated notes

Levels and vault maps discovered:
D:1:      minmay_arrival_cross, layout_basic
D:2:      layout_rooms, serial_shops, nicolae_shop_advertising_works
          [nicolae_subvault_shop_adworks]
D:3:      cheibrodos_old_hovel, layout_basic, uniq_sigmund,
          uniq_crazy_yiuf_cottage

Skill      XL: |  1  2  3 |
---------------+----------+-----
Conjurations   | 1 |  1.5
Dodging        | 3 |  3.2
Fighting       | 1 |  1.1
Stealth        | |  2.4
Spellcasting   | |  3.8
Transmutations | |  1.1
Earth Magic    | |  3.8

Action                   |  1- 3 |  4- 6 || total
-------------------------+-------+-------++-------
Melee: Whip              |   130 |     7 ||   137
       Punch             |     1 |       ||     1
 Cast: Sandblast         |    23 |     5 ||    28
       Stone Arrow       |       |     2 ||     2
 Stab: Sleeping          |     6 |       ||     6
       Distracted        |     1 |       ||     1
Armor: Robe              |    30 |     1 ||    31
Dodge: Dodged            |   133 |     4 ||   137

Table legend: (Time is in decaauts)
 A = Elapsed time spent in this place.
 B = Non-inter-level travel time spent in this place.
 C = Inter-level travel time spent in this place.
 D = Time resting spent in this place.
 E = Time spent auto-exploring this place.
 F = Levels seen in this place.
 G = Mean time per level.
                   A        B        C        D        E       F      G
               +--------+--------+--------+--------+--------+-----+--------+
         Total |   3088 |   3045 |     43 |    704 |   1855 |   3 | 1029.3 |
       Dungeon |   3088 |   3045 |     43 |    704 |   1855 |   3 | 1029.3 |
               +--------+--------+--------+--------+--------+-----+--------+

Top non-repeatable levels by time:
     D:1: 1461 daAuts
     D:2: 884 daAuts
     D:3: 742 daAuts
